 Dungeon Crawl Stone Soup version 0.20-a0-1018-ge435b50 (webtiles) character file.

28 Gorglomux the Charlatan (level 3, 16/16 HPs)
             Began as a Felid Artificer on Apr 17, 2017.
             Quit the game on level 2 of the Dungeon.
             The game lasted 00:05:51 (3375 turns).

Gorglomux the Charlatan (Felid Artificer)           Turns: 3375, Time: 00:05:52

Health: 16/16      AC:  1    Str:  8    XL:     3   Next: 0%
Magic:  6/6        EV: 18    Int: 12    God:
Gold:   218        SH:  0    Dex: 17    Spells: 2/2 levels left
                                        Lives:  0   Deaths: 1

rFire    . . .     SeeInvis +     - Unarmed
rCold    . . .     Gourm    .   (shield unavailable)
rNeg     . . .     Faith    .   (armour unavailable)
rPois    .         Spirit   .   (helmet unavailable)
rElec    .         Reflect  .   (cloak unavailable)
rCorr    .         Harm     .   (gloves unavailable)
MR       .....                  (boots unavailable)
Stlth    +++.......             (no amulet)
Regen    0.1/turn               (no ring)
MPRegen  0.1/turn               (no ring)

@: quick
A: no armour, no weapons or thrown items, stealth, claws 1, fangs 3, see
invisible, carnivore 3, speed 1, shaggy fur 1, slow metabolism 1, sharp paws
a: no special abilities


You were on level 2 of the Dungeon.
You were not hungry.

You visited 1 branch of the dungeon, and saw 2 of its levels.

You collected 218 gold pieces.

Inventory:

Wands
 a - a wand of flame (13/48)
 b - a wand of enslavement (14/24)
 c - a wand of random effects (15/48)
Scrolls
 g - a scroll of identify {unknown}
 h - a scroll of magic mapping {unknown}
 i - a scroll of noise {unknown}
Potions
 e - 2 potions of lignification {!q}
 f - 4 potions of curing {unknown}
Comestibles
 d - a meat ration {@e2@e2}


   Skills:
 + Level 1.9 Fighting
 + Level 3.1 Dodging
 + Level 3.3 Stealth
 + Level 1.5 Unarmed Combat
 + Level 3.8 Evocations


You had 2 spell levels left.
You didn't know any spells.

Dungeon Overview and Level Annotations

Branches:
Dungeon (2/15)

Altars:


Innate Abilities, Weirdness & Mutations

You cannot wear armour.
You are incapable of wielding weapons or throwing items.
Your paws allow you to move quietly. (Stealth)
You have sharp claws.
You have razor-sharp teeth.
You have supernaturally acute eyesight. (SInv)
You are carnivorous and can eat meat at any time.
You cover ground quickly.
You are covered in fur. (AC +1)
You have a slow metabolism.
Your sharp claws are effective at attacking unaware monsters.


Message History

You butcher the adder corpse.
j - a chunk of flesh {@w0@w0}
Things that are here:
a short sword; an adder corpse You butcher the adder corpse.
j - 3 chunks of flesh {@w0@w0} (gained 2)
You see here a short sword.
There isn't anything here!
You start resting.
Eating one of 3 chunks of flesh {@w0@w0}.
You eat one of the 3 chunks of flesh {@w0@w0}.
This raw flesh tastes great.
Health restored: 16 You see here 5 poisoned needles.
f - 4 sedimented golden potions (gained 1)
A hobgoblin comes into view. It is wielding a club.
A hobgoblin is nearby!
A worm comes into view.
The hobgoblin shouts!
A bat comes into view.
You scratch the worm. The worm bites you.
You take 4 damage, and have 12/16 hp.
MASSIVE DAMAGE!!
The bat closely misses you. The bat hits you but does no damage.
The bat misses you. The bat completely misses you. The bat closely misses you.
The bat closely misses you. The bat hits you.
You take 1 damage, and have 11/16 hp.
You closely miss the bat. The bat barely misses you.
You swing at nothing.
You scratch the bat but do no damage. The bat completely misses you.
The bat misses you.
You barely miss the bat. The bat hits you but does no damage.
The bat closely misses you.
You scratch the bat. Your bite misses the bat. The bat closely misses you.
You scratch the bat.
You kill the bat!
You scratch the hobgoblin.
You kill the hobgoblin!
You have reached level 4!
Extra life!
You regained 3 hp, and now have 14/19 hp.
MP restored: 7 You start resting.
You start resting.
Things that are here:
a club; a hobgoblin corpse You start resting.
You scratch the worm. You scratch the worm. Your bite misses the worm.
The worm misses you.
You start resting.
You completely miss the worm. You scratch the worm. The worm misses you.
You scratch the worm but do no damage. You scratch the worm.
The worm misses you.
You scratch the worm but do no damage. The worm bites you.
You take 4 damage, and have 12/19 hp.
MASSIVE DAMAGE!!
You barely miss the worm. You barely miss the worm.
The worm completely misses you.
You scratch the worm but do no damage. You barely miss the worm.
The worm bites you!
Ouch! That really hurt!
* * * LOW HITPOINT WARNING * * *
You take 11 damage, and have 1/19 hp.
MASSIVE DAMAGE!!
Things that are here:
a club; a hobgoblin corpse All of the chunks of flesh in your inventory have rotted away.
You start resting.
Health restored: 19 You see here a short sword.
A worm comes into view.
A worm is nearby!
You barely miss the worm. You scratch the worm. The worm bites you!
You take 8 damage, and have 11/19 hp.
MASSIVE DAMAGE!!
You are too injured to fight recklessly!
You are too injured to fight recklessly!
Unknown command.
You start resting.
You start resting.
You start resting.
Health restored: 19 The worm is too close now for your liking.
The worm misses you.
You scratch the worm. You bite the worm, but do no damage. The worm bites you!
You take 7 damage, and have 12/19 hp.
MASSIVE DAMAGE!!
You scratch the worm. You scratch the worm. The worm bites you!
Ouch! That really hurt!
You die...
You are now level 3!
You rejoin the land of the living...
Health restored: 16 You now have 6/6 mp.
Unknown command.

# ########.###
#...........
#.@.%..# #.##....##
#. ..#..# .# #.#
..##.##.# #..
.!.....#
#..##...##.#
#.....!.#..# ... .#
#....##...###...#..
#.....#.....##.##.#


There were no monsters in sight!

Vanquished Creatures
  2 adders (D:2)
  An ooze (D:1)
  A leopard gecko (D:1)
  A giant cockroach (D:2)
  6 goblins (D:1)
  A hobgoblin (D:2)
  10 jackals (D:1)
  5 kobolds
  A ball python (D:2)
  5 bats
  3 frilled lizards
  3 rats (D:1)
  A fungus (D:1)
40 creatures vanquished.

Vanquished Creatures (collateral kills)
  An adder (D:2)
1 creature vanquished.

Vanquished Creatures (others)
  A fungus (D:1)
1 creature vanquished.

Grand Total: 42 creatures vanquished

Notes
Turn   | Place    | Note
-------+----------+-------------------------------------------
     0 | D:1      | Gorglomux the Felid Artificer began the quest for the Orb.
     0 | D:1      | Reached XP level 1. HP: 9/9 MP: 4/4
   174 | D:1      | Reached skill level 2 in Stealth
   200 | D:1      | HP: 1/9 [ooze (5)]
   217 | D:1      | Reached XP level 2. HP: 2/12 MP: 5/5
   629 | D:1      | HP: 3/12 [goblin/dagger of protection (4)]
  1549 | D:1      | Reached XP level 3. HP: 7/15 MP: 6/6
  2193 | D:2      | HP: 6/24 [poisoned by an adder]
  2195 | D:2      | Reached skill level 3 in Dodging
  2195 | D:2      | Reached skill level 3 in Stealth
  2200 | D:2      | HP: 4/24 [poisoned by an adder]
  2208 | D:2      | HP: 3/24 [poisoned by an adder]
  2842 | D:2      | Reached XP level 4. HP: 14/19 MP: 7/7
  2886 | D:2      | HP: 1/19 [worm (11)]
  3374 | D:2      | Slain by a worm
  3375 | D:2      | Reached XP level 3. HP: 0/16 MP: 6/6
  3375 | D:2      | Quit the game

Vault maps used:
D:1:      minmay_arrival_loop, serial_bayou_ford_a, minmay_gold_behind_fungi
D:2:      first_bread, minmay_tromino_v4_c

Skill      XL: |  1  2  3 |
---------------+----------+-----
Stealth        | 2 3 |  3.3
Dodging        | 3 |  3.1
Fighting       | |  1.9
Unarmed Combat | |  1.5
Evocations     | |  3.8

Action                   |  1- 3 |  4- 6 || total
-------------------------+-------+-------++-------
Melee: Unarmed           |   180 |    16 ||   196
       Bite              |    15 |     1 ||    16
Evoke: Wand              |     3 |       ||     3
  Use: Potion            |     1 |       ||     1
 Stab: Sleeping          |     8 |       ||     8
  Eat: Chunk             |    11 |       ||    11
Armor: Skin              |    17 |       ||    17
Dodge: Dodged            |   145 |     5 ||   150

Vault maps used:
D:1:      minmay_arrival_loop, serial_bayou_ford_a, minmay_gold_behind_fungi
D:2:      first_bread, minmay_tromino_v4_c

Table legend:
 A = Turns spent in this place as a percentage of turns spent in the entire game.
 B = Non-inter-level travel turns spent in this place as a percentage of non-inter-level travel turns spent in the entire game.
 C = Inter-level travel turns spent in this place as a percentage of turns spent in this place.
 D = Turns resting spent in this place as a percentage of non-inter-level travel turns spent in this place.
 E = Turns spent auto-exploring this place as a percentage of non-inter-level travel turns spent in this place.
 F = Non-inter-level travel turns spent in this place divided by the number of levels of this place that you've seen.
                   A       B       C       D       E      F
               +-------+-------+-------+-------+-------+----------------------
         Total | 100.0 | 100.0 |   0.1 |   4.8 |   4.9 | 487.5
       Dungeon | 100.0 | 100.0 |   0.1 |   4.8 |   4.9 | 487.5
               +-------+-------+-------+-------+-------+----------------------

Table legend:
 A = Kills in this place as a percentage of kills in entire the game.
 B = Kills by you in this place as a percentage of kills by you in the entire game.
 C = Kills by friends in this place as a percentage of kills by friends in the entire game.
 D = Other kills in this place as a percentage of other kills in the entire game.
 E = Experience gained in this place as a percentage of experience gained in the entire game.
 F = Experience gained in this place divided by the number of levels of this place that you have seen.
                   A       B       C       D       E      F
               +-------+-------+-------+-------+-------+----------------------
         Total | 100.0 | 100.0 | 100.0 |  -nan | 100.0 |  48.5
       Dungeon | 100.0 | 100.0 | 100.0 |  -nan | 100.0 |  48.5
               +-------+-------+-------+-------+-------+----------------------
